 Dungeon Sprint DCSS version 0.26-a0-708-g17f3b190f9 (webtiles) character file.

Game seed: 641410210300603520

72078 mhtbhm the Hoplite (level 15, -20/166 HPs)
             Began as a Minotaur Fighter on Oct 29, 2020.
             Was the Champion of Okawaru.
             Killed from afar by Sojobo (32 damage)
             ... with a bolt of lightning
             ... in the Dungeon (Sprint IX: "|||||||||||||||||||||||||||||").
             The game lasted 00:12:17 (5741 turns).

mhtbhm the Hoplite (Minotaur Fighter)               Turns: 5741, Time: 00:12:18

Health: -20/166    AC: 45    Str: 34    XL:     15   Next: 0%
Magic:  14/14      EV: 14    Int:  5    God:    Okawaru [******]
Gold:   370        SH: 19    Dex: 13    Spells: 14/14 levels left

rFire    . . .     SeeInvis .   a - +7 falchion "Beastslayer" {venom, rPois}
rCold    + . .     Faith    +   c - +0 kite shield {reflect}
rNeg     + + +     Spirit   .   b - +11 crystal plate armour "Ocauxefy" {*Drain rN+++ Str+4 Slay-6}
rPois    +         Reflect  +   (helmet restricted)
rElec    .         Harm     .   y - +1 cloak {MR+}
rCorr    .         Rampage  .   C - +0 pair of gloves {Dex+3}
MR       ++...     NoTele   +   u - +2 pair of boots {Stlth+}
Stlth    ..........             r - amulet of faith
HPRegen  0.37/turn              p - +3 ring of strength
MPRegen  0.14/turn              F - ring of protection from cold

@: no status effects
A: retaliatory headbutt, horns 2
a: Heroism, Finesse, Renounce Religion


You were in the Dungeon.
You worshipped Okawaru.
Okawaru was exalted by your worship.
You visited 1 branch You collected 1961 gold pieces.
You spent 1591 gold pieces at shops.

Inventory:

Hand Weapons
 a - the +7 falchion "Beastslayer" (weapon) {venom, rPois}
   (Okawaru gifted it to you in the Dungeon)

   It poisons the flesh of those it strikes.
   It protects you from poison.
 v - a +2 long sword of holy wrath
Missiles
 x - 4 atropa-tipped darts (quivered)
Armour
 b - the +11 crystal plate armour "Ocauxefy" (worn) {*Drain rN+++ Str+4 Slay-6}
   (Okawaru gifted it to you in the Dungeon)

   It affects your strength (+4).
   It affects your accuracy and damage with ranged weapons and melee attacks
   (-6).
   It renders you almost immune to negative energy.
   It causes draining when unequipped.
 c - a +0 kite shield of reflection (worn)
 u - a +2 pair of boots of stealth (worn)
 y - a +1 cloak of magic resistance (worn)
 C - a +0 pair of gloves of dexterity (worn)
Jewellery
 p - a +3 ring of strength (left hand)
 r - an amulet of faith (around neck)
 z - a cursed amulet of inaccuracy {unknown}
 D - an uncursed ring of protection from magic
 F - a ring of protection from cold (right hand)
Wands
 n - a wand of acid (2)
 q - a wand of polymorph (5)
 w - a wand of paralysis (3)
Scrolls
 j - 3 scrolls of blinking
 l - 4 scrolls of remove curse
 m - 3 scrolls of amnesia
 s - 3 scrolls of enchant armour
 t - 3 scrolls of fog
 A - 7 scrolls of enchant weapon
 B - a scroll of identify {unknown}
 G - a scroll of fear
Potions
 d - a potion of might
 e - 6 potions of curing
 f - 9 potions of heal wounds
 g - 2 potions of haste
 h - 4 potions of magic
 i - 3 potions of stabbing
 k - a potion of invisibility
 o - a potion of berserk rage


   Skills:
 + Level 23.7 Fighting
 + Level 23.4 Long Blades
 + Level 0.4 Throwing
 + Level 19.3 Armour
 + Level 12.3 Dodging
 - Level 3.0 Stealth
 + Level 25.2 Shields
 + Level 4.3 Evocations


You had 14 spell levels left.
You didn't know any spells.
Your spell library contained the following spells:

 Spells                   Type           Power        Failure   Level
 Static Discharge         Conj/Air       #.......     100%        3
 Lightning Bolt           Conj/Air       #.........   100%        5
 Ignition                 Fire           #.........   100%        8
 Shatter                  Erth           #.........   100%        9
 Tornado                  Air            #.........   100%        9


Dungeon Overview and Level Annotations

Branches:
Dungeon (1/1)

Altars:
Cheibriados
Dithmenos
Elyvilon
Fedhas
Gozag
Hepliaklqana
Kikubaaqudgha
Makhleb
Nemelex Xobeh
Okawaru
Qazlal
Ru
Sif Muna
Trog
Uskayaw
Vehumet
Wu Jian
Xom
Yredelemnul
Zin
The Shining One
Beogh
Jiyva
Lugonu

Shops:
D *!(:

Annotations:
D Sojobo


Innate Abilities, Weirdness & Mutations

You reflexively headbutt those who attack you in melee.
You have a pair of horns on your head.


Message History

Sojobo is almost dead.
You closely miss Sojobo. Your headbutt misses Sojobo.
Sojobo is almost dead.
Sojobo waves her feathered arms in wide circles.
The air twists around and strikes you!
* * * LOW HITPOINT WARNING * * *
You closely miss Sojobo. Your headbutt misses Sojobo.
Sojobo is almost dead.
Sojobo conjures a fierce blast of wind!
You are blown backwards!
Sojobo waves her feathered arms in wide circles.
The air twists around and strikes you!!
* * * LOW HITPOINT WARNING * * *
Sojobo barks orders to her subordinates.
Sojobo points at you and mumbles some strange words.
The bolt of lightning hits you!!
* * * LOW HITPOINT WARNING * * *
Sojobo casts a spell at you. The bolt of lightning hits you!!
You die...

▓.▓.▓.▓'▓.▓)▓.▓.▓.
▓.▓.▓.♣.♣.▓(▓.▓†▓.
▓.▓.▓.♣.♣.▓(▓.▓.▓.
▓.▓.▓.♣.♣[▓'▓.▓[▓.
▓.▓.▓.♣.♣.▓=▓.▓)▓.
▓.▓.▓.♣.♣.▓.▓.▓'▓.
▓.▓.▓.♣.♣.▓.▓.▓.▓.
▓.▓.▓.♣)♣.▓.▓.▓.▓.
▓@▓.▓.♣†♣.▓.▓.▓.▓)
▓.▓'▓.♣†♣.▓.▓.▓.▓.
▓.▓.▓.♣†♣.▓.▓.▓.▓.
▓Q▓.▓.▓)▓.▓.▓.▓)▓.
▓Q▓.▓.▓.▓.▓(▓.▓.▓.
▓*▓.▓.▓.▓.▓.▓.▓.▓.
▓.▓.▓.▓.▓.▓(▓.▓)▓.
▓)▓.▓.▓.▓.▓(▓.▓)▓.
▓.▓.▓.▓.▓.▓[▓.▓)▓.


You could see Sojobo (repels missiles, extremely poisoned), a tengu reaver and a
battlesphere.

Vanquished Creatures
  Kirke (D)
  A thorn hunter (D)
  Donald (D)
  2 tengu reavers (D)
  2 fire giants (D)
  A frost giant (D)
  2 ironheart preservers (D)
  A very ugly thing (D)
  3 stone giants (D)
  4 ettins (D)
  A yaktaur captain (D)
  2 fire dragons (D)
  6 ogre magi (D)
  A merfolk impaler (D)
  A great orb of eyes (D)
  Erolcha (D)
  Josephine (D)
  A naga warrior (D)
  An ice dragon (D)
  4 hydras (D)
  A death knight (D)
  2 rakshasas (D)
  A catoblepas (D)
  A merfolk avatar (D)
  2 centaur warriors (D)
  Erica (D)
  A merfolk aquamancer (D)
  An alligator (D)
  A deep troll earth mage (D)
  A tengu warrior (D)
  A naga sharpshooter (D)
  5 death yaks (D)
  2 orc high priests (D)
  A shock serpent (D)
  A spriggan berserker (D)
  A shadow wraith (D)
  A spriggan druid (D)
  2 flayed ghosts (D)
  4 deep trolls (D)
  An unseen horror (D)
  A glowing orange brain (D)
  4 orc knights (D)
  An orb spider (D)
  A harpy (D)
  2 necromancers (D)
  2 cyclopes (D)
  A mana viper (D)
  Maurice (D)
  2 elephants (D)
  A manticore (D)
  2 naga magi (D)
  3 black mambas (D)
  A merfolk siren (D)
  A water nymph (D)
  4 vault sentinels (D)
  Joseph (D)
  2 cane toads (D)
  2 kobold demonologists (D)
  A komodo dragon (D)
  A rime drake (D)
  2 rime drakes (shapeshifter) (D)
  2 yaktaurs (D)
  2 demonic crawlers (D)
  3 merfolk (D)
  A jumping spider (D)
  A meliai (D)
  3 trolls (D)
  2 blink frogs (D)
  A snapping turtle (shapeshifter) (D)
  2 slime creatures (D)
  A hornet (D)
  3 redbacks (D)
  2 tarantellas (D)
  2 yaks (D)
  2 hogs (D)
  Grum (D)
  5 wraiths (D)
  2 basilisks (D)
  A vampire mosquito (D)
  3 water moccasins (D)
  An acid dragon (D)
  9 orc warriors (D)
  A swamp drake (D)
  An ogre (D)
  4 wolves (D)
  A centaur (D)
  4 bullfrogs (D)
  2 howler monkeys (D)
  A quasit (D)
  3 orc priests (D)
  A hound (D)
  4 orc wizards (D)
  An iguana (D)
  A worker ant (D)
  A shadow imp (D)
  7 orcs (D)
  A giant cockroach (D)
  A hobgoblin (D)
  A kobold (D)
  A ball python zombie (D)
  2 goblins (D)
  A leopard gecko zombie (D)
  A rat (D)
193 creatures vanquished.

Vanquished Creatures (others)
  A spriggan berserker (D)
  A cane toad (D)
  2 humans (D)
  A swamp drake (D)
5 creatures vanquished.

Grand Total: 198 creatures vanquished

Notes
Turn   | Place    | Note
-------+----------+-------------------------------------------
     0 | D        | mhtbhm the Minotaur Fighter began the quest for the Orb.
     0 | D        | Reached XP level 1. HP: 19/19 MP: 0/0
    10 | D        | Reached skill level 4 in Shields
    30 | D        | Noticed a worker ant
    30 | D        | Noticed a howler monkey
    32 | D        | Killed a howler monkey
    32 | D        | Reached skill level 5 in Fighting
    32 | D        | Reached skill level 5 in Armour
    32 | D        | Reached skill level 5 in Shields
    32 | D        | Reached XP level 2. HP: 27/30 MP: 1/1
    32 | D        | Reached XP level 3. HP: 34/37 MP: 2/2
    50 | D        | Reached skill level 6 in Shields
    50 | D        | Reached XP level 4. HP: 19/44 MP: 3/3
    74 | D        | Found a roughly hewn altar of Beogh.
    74 | D        | Found a snail-covered altar of Cheibriados.
    74 | D        | Found a shadowy altar of Dithmenos.
    74 | D        | Found a white marble altar of Elyvilon.
    74 | D        | Found a blossoming altar of Fedhas.
    74 | D        | Found an opulent altar of Gozag.
    75 | D        | Found a hazy altar of Hepliaklqana.
    76 | D        | Found a viscous altar of Jiyva.
    77 | D        | Found an ancient bone altar of Kikubaaqudgha.
    78 | D        | Found a corrupted altar of Lugonu.
    79 | D        | Found a burning altar of Makhleb.
    80 | D        | Found a sparkling altar of Nemelex Xobeh.
    81 | D        | Found an iron altar of Okawaru.
    82 | D        | Found a stormy altar of Qazlal.
    83 | D        | Found a sacrificial altar of Ru.
    84 | D        | Found a shimmering blue altar of Sif Muna.
    85 | D        | Found a bloodstained altar of Trog.
    86 | D        | Found a hide-covered altar of Uskayaw.
    87 | D        | Found a radiant altar of Vehumet.
    88 | D        | Found an ornate altar of the Wu Jian Council.
    89 | D        | Became a worshipper of Warmaster Okawaru
    90 | D        | Found a shimmering altar of Xom.
    91 | D        | Found a basalt altar of Yredelemnul.
    92 | D        | Found a glowing silver altar of Zin.
    93 | D        | Found a glowing golden altar of the Shining One.
   238 | D        | Noticed an ogre
   238 | D        | Noticed an orc warrior
   243 | D        | Killed an orc warrior
   243 | D        | Reached skill level 7 in Shields
   243 | D        | Reached XP level 5. HP: 34/52 MP: 4/4
   245 | D        | Reached skill level 8 in Shields
   248 | D        | Reached * piety under Okawaru
   249 | D        | Reached XP level 6. HP: 42/62 MP: 5/5
   252 | D        | Reached skill level 1 in Dodging
   252 | D        | Reached skill level 9 in Shields
   356 | D        | Noticed a meliai
   356 | D        | Noticed a kobold demonologist
   356 | D        | Noticed a kobold demonologist
   356 | D        | Noticed a soldier ant
   360 | D        | Noticed a hellwing
   365 | D        | Noticed a ynoxinul
   365 | D        | Noticed a rime drake
   365 | D        | a soldier ant changed into a rime drake
   366 | D        | Killed a rime drake
   366 | D        | Reached ** piety under Okawaru
   366 | D        | Reached skill level 10 in Fighting
   366 | D        | Reached skill level 10 in Long Blades
   366 | D        | Reached skill level 10 in Shields
   366 | D        | Reached XP level 7. HP: 56/72 MP: 6/6
   369 | D        | Noticed a soul eater
   391 | D        | Killed a kobold demonologist
   397 | D        | Noticed a neqoxec
   401 | D        | Killed a kobold demonologist
   401 | D        | Reached *** piety under Okawaru
   401 | D        | Reached skill level 10 in Armour
   401 | D        | Reached XP level 8. HP: 42/81 MP: 7/7
   402 | D        | Killed a meliai
   402 | D        | Reached skill level 11 in Shields
   741 | D        | Noticed Josephine
   763 | D        | Killed Josephine
   763 | D        | Reached **** piety under Okawaru
   763 | D        | Reached skill level 5 in Dodging
   763 | D        | Reached skill level 1 in Stealth
   763 | D        | Reached XP level 9. HP: 34/90 MP: 8/8
   765 | D        | Reached skill level 12 in Shields
   776 | D        | Reached skill level 15 in Long Blades
  1029 | D        | Noticed a four-headed hydra
  1029 | D        | Noticed a rime drake
  1030 | D        | Noticed a seven-headed hydra
  1033 | D        | Killed a rime drake
  1033 | D        | Reached ***** piety under Okawaru
  1034 | D        | Noticed a komodo dragon
  1037 | D        | Killed a one-headed hydra
  1037 | D        | Received a gift from Okawaru
  1038 | D        | Noticed an elephant
  1046 | D        | Killed a four-headed hydra
  1046 | D        | Reached skill level 13 in Shields
  1046 | D        | Reached XP level 10. HP: 39/101 MP: 9/9
  1317 | D        | Killed an elephant
  1462 | D        | Noticed a cane toad
  1462 | D        | Noticed an elephant
  1465 | D        | Noticed a seven-headed hydra
  1477 | D        | Killed an elephant
  1485 | D        | Killed a one-headed hydra
  1485 | D        | Received a gift from Okawaru
  1485 | D        | Reached skill level 14 in Shields
  1491 | D        | Killed a cane toad
  1518 | D        | Got a polished scale mail {god gift}
  1524 | D        | Identified the +1 scale mail of Kavimeal {*Corrode Dex+5
                  | Stlth+} (Okawaru gifted it to you in the Dungeon)
  1843 | D        | Noticed a catoblepas
  1843 | D        | Noticed a death yak
  1843 | D        | Noticed a death yak
  1843 | D        | Noticed a death yak
  1843 | D        | Noticed a death yak
  1848 | D        | Noticed a death yak
  1850 | D        | Killed a death yak
  1850 | D        | Reached skill level 15 in Fighting
  1850 | D        | Reached XP level 11. HP: 112/112 MP: 10/10
  1859 | D        | Killed a death yak
  1859 | D        | Reached ****** piety under Okawaru
  1867 | D        | Killed a death yak
  1875 | D        | Killed a death yak
  2217 | D        | Killed a catoblepas
  2217 | D        | Received a gift from Okawaru
  2217 | D        | Reached skill level 10 in Dodging
  2217 | D        | Reached skill level 15 in Shields
  2234 | D        | Killed a death yak
  2493 | D        | Noticed Joseph
  2500 | D        | Killed Joseph
  2514 | D        | Noticed Erica
  2530 | D        | Killed Erica
  2533 | D        | Noticed Maurice
  2550 | D        | Killed Maurice
  2591 | D        | Noticed an orc high priest
  2602 | D        | Killed an orc high priest
  2651 | D        | Noticed an orc knight
  2651 | D        | Noticed an orc high priest
  2657 | D        | Killed an orc high priest
  2657 | D        | Received a gift from Okawaru
  2667 | D        | Killed an orc knight
  2682 | D        | Noticed an ettin
  2690 | D        | Killed an ettin
  2690 | D        | Reached skill level 1 in Evocations
  2690 | D        | Reached XP level 12. HP: 115/125 MP: 11/11
  2709 | D        | Got a crude crystal plate armour {god gift}
  2715 | D        | Identified the +11 crystal plate armour "Ocauxefy" {*Drain
                  | rN+++ Str+4 Slay-6} (Okawaru gifted it to you in the
                  | Dungeon)
  2728 | D        | Found Vunupsits's Book Boutique.
  2728 | D        | Noticed a stone giant
  2728 | D        | Noticed an ogre mage
  2728 | D        | Noticed an ogre mage
  2731 | D        | Killed an ogre mage
  2731 | D        | Reached skill level 16 in Shields
  2737 | D        | Found Nonwi's Weapon Shop.
  2748 | D        | Killed a stone giant
  2767 | D        | Found Hopt's Distillery.
  2767 | D        | Noticed an ogre mage
  2779 | D        | Killed an ogre mage
  2779 | D        | Received a gift from Okawaru
  2783 | D        | Killed an ogre mage
  2783 | D        | Reached skill level 15 in Armour
  2783 | D        | Reached skill level 17 in Shields
  2799 | D        | Found Wesoss's Assorted Antiques.
  2802 | D        | Noticed an ettin
  2803 | D        | Noticed an ogre mage
  2808 | D        | Killed an ettin
  2808 | D        | Received a gift from Okawaru
  2827 | D        | Killed an ogre mage
  2909 | D        | Bought a potion of curing for 39 gold pieces
  2909 | D        | Bought a potion of berserk rage for 65 gold pieces
  2909 | D        | Bought a potion of heal wounds for 65 gold pieces
  2909 | D        | Bought a potion of heal wounds for 65 gold pieces
  2909 | D        | Bought a potion of haste for 130 gold pieces
  2909 | D        | Bought a potion of heal wounds for 65 gold pieces
  2911 | D        | Bought a scroll of fog for 56 gold pieces
  2911 | D        | Bought a scroll of enchant armour for 210 gold pieces
  2911 | D        | Bought a thick bronze amulet for 140 gold pieces
  2911 | D        | Bought a scroll labeled EROMEUMP XUAGH for 28 gold pieces
  2911 | D        | Bought a scroll labeled LATHUTE HAUCRO for 28 gold pieces
  2939 | D        | Bought a book of the Tempests for 700 gold pieces
  3028 | D        | Noticed Grum
  3039 | D        | Killed Grum
  3141 | D        | Noticed a death knight
  3148 | D        | Noticed an ettin
  3157 | D        | Noticed a rakshasa
  3166 | D        | Noticed a centaur warrior
  3176 | D        | Killed a death knight
  3176 | D        | Reached skill level 18 in Shields
  3185 | D        | Killed an ettin
  3197 | D        | Killed a rakshasa
  3197 | D        | Reached XP level 13. HP: 58/138 MP: 12/12
  3216 | D        | Noticed a fire giant
  3331 | D        | Killed a fire giant
  3331 | D        | Received a gift from Okawaru
  3645 | D        | Noticed a fire giant
  3656 | D        | Killed a fire giant
  3855 | D        | Reached skill level 19 in Shields
  3873 | D        | Noticed a stone giant
  3885 | D        | Killed a stone giant
  3944 | D        | Noticed Donald
  3956 | D        | Killed Donald
  4031 | D        | Noticed Erolcha
  4047 | D        | Killed Erolcha
  4083 | D        | Noticed a merfolk impaler
  4117 | D        | Killed a merfolk impaler
  4123 | D        | Received a gift from Okawaru
  4150 | D        | Reached skill level 20 in Shields
  4163 | D        | Got a warped falchion {god gift}
  4164 | D        | Identified the +7 falchion "Beastslayer" {venom, rPois}
                  | (Okawaru gifted it to you in the Dungeon)
  4269 | D        | Noticed a thorn hunter
  4290 | D        | Killed a thorn hunter
  4290 | D        | Received a gift from Okawaru
  4319 | D        | Reached skill level 21 in Shields
  4371 | D        | Received a gift from Okawaru
  4391 | D        | Reached XP level 14. HP: 66/152 MP: 7/13
  4707 | D        | Noticed Kirke
  4723 | D        | Noticed a sphinx
  4723 | D        | Killed Kirke
  4723 | D        | Reached skill level 22 in Shields
  4794 | D        | Noticed a frost giant
  4795 | D        | Received a gift from Okawaru
  4850 | D        | Noticed a green very ugly thing
  4861 | D        | Killed a frost giant
  4861 | D        | Reached skill level 23 in Shields
  4874 | D        | Noticed a stone giant
  4895 | D        | Killed a green very ugly thing
  4932 | D        | Killed a stone giant
  4950 | D        | Got a spiked hat {god gift}
  4956 | D        | Identified the +1 hat "Acveh" {*Slow +Fly rF+} (Okawaru
                  | gifted it to you in the Dungeon)
  4977 | D        | Noticed an ironheart preserver
  5272 | D        | Killed an ironheart preserver
  5364 | D        | Noticed an ironheart preserver
  5380 | D        | Reached skill level 24 in Shields
  5380 | D        | Noticed a tengu reaver
  5399 | D        | Killed an ironheart preserver
  5425 | D        | Received a gift from Okawaru
  5443 | D        | Killed a tengu reaver
  5501 | D        | Reached skill level 25 in Shields
  5681 | D        | Noticed a tengu reaver
  5682 | D        | Noticed Sojobo
  5690 | D        | Noticed a tengu reaver
  5706 | D        | Killed a tengu reaver
  5706 | D        | Reached XP level 15. HP: 86/166 MP: 14/14
  5741 | D        | Killed from afar by Sojobo

Illustrated notes

Levels and vault maps discovered:
D:        linesprint [early_d, line_temple, items_1, d_10, items_2, lair_1,
          lair_end, items_3, orc_1, orc_end, items_4, d_15, swamp_1, shoals_1,
          snake_1, spider_1, d_20, vaults_1, items_5, swamp_end, shoals_end,
          snake_end, spider_end, vaults_end, d_27, items_6, zot_1, zot_end,
          crypt_end, forest_end, elf_end, slime_end, tomb_end, abyss_end,
          pan_hell_end]

Skill      XL: |  1  2  3  4  5  6  7  8  9 10 11 12 13 14 |
---------------+-------------------------------------------+-----
Fighting       | 5 6 7 8 10 12 13 15 17 19 21 23 | 23.7
Armour         | 5 6 7 8 9 10 12 14 15 17 19 | 19.3
Shields        | 5 6 7 8 10 11 13 14 15 18 21 25 | 25.2
Long Blades    | 3 4 6 7 10 12 14 16 17 19 20 21 23 | 23.4
Dodging        | 2 3 5 7 9 11 12 | 12.3
Stealth        | 1 3 |  3.0
Evocations     | 1 2 4 |  4.3
Throwing       | |  0.4

Action                   |  1- 3 |  4- 6 |  7- 9 | 10-12 | 13-15 || total
-------------------------+-------+-------+-------+-------+-------++-------
Melee: Long sword        |    33 |     3 |       |       |       ||    36
       Headbutt          |     5 |     4 |    21 |    90 |   156 ||   276
       Scimitar          |       |    23 |    78 |   311 |   129 ||   541
       Falchion          |       |       |       |       |   533 ||   533
Throw: Dart              |       |       |       |       |     1 ||     1
Invok: Heroism           |       |       |       |       |     1 ||     1
Evoke: Wand              |       |       |       |     2 |     8 ||    10
  Use: Potion            |       |       |     4 |     2 |     2 ||     8
       Scroll            |       |       |       |     1 |       ||     1
 Stab: Sleeping          |       |       |       |     2 |       ||     2
       Petrifying        |       |       |       |     1 |       ||     1
       Petrified         |       |       |       |     1 |       ||     1
       Confused          |       |       |       |       |     1 ||     1
Armor: Scale mail        |    10 |     1 |       |       |       ||    11
       Ring mail         |       |     9 |    17 |    34 |       ||    60
       Crystal plate arm |       |       |       |    42 |   247 ||   289
Dodge: Dodged            |     8 |     3 |    19 |    62 |   161 ||   253
Block: Kite shield       |     9 |    16 |    40 |   110 |   364 ||   539
       Reflection        |       |       |       |       |    11 ||    11
       Rpst.: Long sword |     2 |       |       |       |       ||     2
       Scimitar          |       |     1 |     2 |    13 |     4 ||    20
       Falchion          |       |       |       |       |    13 ||    13

Table legend: (Time is in decaauts)
 A = Elapsed time spent in this place.
 B = Non-inter-level travel time spent in this place.
 C = Inter-level travel time spent in this place.
 D = Time resting spent in this place.
 E = Time spent auto-exploring this place.
 F = Levels seen in this place.
 G = Mean time per level.
                   A        B        C        D        E       F      G
               +--------+--------+--------+--------+--------+-----+--------+
         Total |   5421 |   5421 |      0 |   2210 |    934 |   1 | 5421.0 |
       Dungeon |   5421 |   5421 |      0 |   2210 |    934 |   1 | 5421.0 |
               +--------+--------+--------+--------+--------+-----+--------+

Top non-repeatable levels by time:
       D: 5421 daAuts
